AoeStats
← La Berge

Fortress

507989274Analyzed
2v2 RM · 10d ago on Sep 20, 2026· 40m 46s· 4 players
Game mode
Random Map
Map size
Normal (6 player)
Population
200
Speed
Normal
Resources
Standard
Victory
Conquest
Starting age
Dark Age
Ending age
Imperial Age
RankedLock teamsTeams togetherTeam positionsShared explorationLock speedFull tech treeHidden civsTurbo modeCheats
Victory
Defeat
🇫🇷 Turks · France
1027
+13
🇧🇷 Franks · Brazil
987
+13
🇳🇱 Koreans · Netherlands
951
-13
🇳🇱 Cumans · Netherlands
951
-13
La Berge
8:44 Feudal Age
12:51 Castle Age
10:38 Horse Collar
10:59 Double-Bit Axe
13:01 Bloodlines
13:40 Loom
17:23 Bow Saw
22:16 Wheelbarrow
23:51 Forging
23:47 Scale Barding Armor
28:32 Imperial Age
26:35 Hand Cart
26:08 Town Watch
31:23 Heavy Camel Rider
32:30 Chain Barding Armor
32:45 Iron Casting
32:55 Fletching
33:11 Elite Janissary
34:52 Conscription
38:46 Blast Furnace
38:22 Plate Barding Armor
Baggi
6:01 Feudal Age
6:31 Double-Bit Axe
13:45 Castle Age
11:32 Loom
15:42 Wheelbarrow
15:34 Bow Saw
16:32 Forging
19:08 Hand Cart
19:54 Stone Mining
19:52 Town Watch
22:54 Husbandry
25:15 Scale Barding Armor
25:47 Iron Casting
26:39 Town Patrol
27:03 Chain Barding Armor
29:46 Imperial Age
28:11 Scale Mail Armor
29:26 Chain Mail Armor
28:35 Pikeman
29:15 Squires
31:07 Plate Barding Armor
29:58 Cavalier
33:19 Plate Mail Armor
32:40 Arrowslits
34:08 Conscription
34:23 Ballistics
35:03 Chemistry
34:21 Fletching
34:32 Padded Archer Armor
35:03 Masonry
35:04 Fortified Wall
38:30 Blast Furnace
37:26 Bodkin Arrow
37:47 Leather Archer Armor
37:43 Caravan
38:24 Elite Throwing Axeman
39:45 Halberdier
CantBeKilled
7:23 Feudal Age
6:56 Loom
8:06 Double-Bit Axe
8:03 Horse Collar
18:51 Castle Age
17:38 Bloodlines
21:06 Wheelbarrow
20:16 Town Watch
20:49 Bow Saw
20:40 Heavy Plow
20:40 Gold Mining
20:43 Stone Mining
22:14 Steppe Husbandry
24:29 Forging
24:24 Scale Barding Armor
23:59 Capped Ram
25:54 Hand Cart
25:40 Town Patrol
30:03 Imperial Age
30:35 Town Patrol
29:59 Pikeman
30:00 Man-at-Arms
31:23 Iron Casting
31:09 Chain Barding Armor
30:40 Fletching
30:29 Elite Steppe Lancer
30:40 Siege Ram
32:30 Hoardings
32:22 Conscription
35:18 Crop Rotation
35:51 Two-Man Saw
35:18 Man-at-Arms
37:03 Long Swordsman
37:57 Caravan
39:16 Ballistics
38:56 Two-Handed Swordsman
PaFFieD
1:22 Loom
9:48 Feudal Age
14:01 Castle Age
12:29 Double-Bit Axe
13:23 Wheelbarrow
12:30 Horse Collar
20:26 Stone Mining
30:48 Imperial Age
30:33 Fletching
31:20 Elite War Wagon
32:23 Fortified Wall
33:49 Bow Saw
33:47 Heavy Plow
34:17 Husbandry
35:25 Chemistry
34:46 Ballistics
39:34 Caravan
Connection lost

Rejoining the realm…

Still unreachable

The connection could not be restored.

Session expired

The server has moved on; the page needs a fresh start.